 Dungeon Crawl Stone Soup version 0.29-a0-91-gdebf4667c2 (webtiles) character file.

Game seed: 7172644625977880513

137 cyrus the Charlatan (level 5, -21/37 HPs)
             Began as a Demonspawn Artificer on Feb 7, 2022.
             Was a Follower of Okawaru.
             Killed from afar by Ijyb (23 damage)
             ... with a bolt of acid
             ... on level 3 of the Dungeon on Feb 8, 2022.
             The game lasted 00:13:58 (4201 turns).

cyrus the Charlatan (Demonspawn Artificer)          Turns: 4201, Time: 00:14:00

Health: -21/37     AC:  7    Str: 14    XL:     5   Next: 0%
Magic:  5/5        EV:  6    Int: 13    God:    Okawaru [*.....]
Gold:   102        SH:  0    Dex: 13    Spells: 4/4 levels left

rFire   . . .      SeeInvis .   j - +0 spear
rCold   + . .      Faith    .   (no shield)
rNeg    . . .      Spirit   .   n - +1 chain mail {rC+}
rPois   .          Reflect  .   (helmet restricted)
rElec   .          Harm     .   (no cloak)
rCorr   .          Rampage  .   (no gloves)
Will    .....                   k - +0 pair of boots
Stlth   ..........              (no amulet)
HPRegen 0.12/turn               (no ring)
MPRegen 0.09/turn               (no ring)

@: corroded
A: horns 2
a: Renounce Religion, Heroism


You were on level 3 of the Dungeon.
You worshipped Okawaru.
Okawaru was aware of your devotion.
You visited 1 branch of the dungeon, and saw 3 of its levels.

You collected 102 gold pieces.

Inventory:

Hand Weapons
 a - a +0 club
 j - a +0 spear (weapon)
Missiles
 f - 14 poisoned darts (quivered)
Armour
 b - a +0 leather armour
 k - a +0 pair of boots (worn)
 n - a +1 chain mail of cold resistance (worn)
Wands
 c - a wand of flame (2)
 d - a wand of charming (15)
Scrolls
 g - a scroll of magic mapping {unknown}
 i - 2 scrolls of holy word {unknown}
 l - 2 scrolls of amnesia {unknown}
 p - a scroll of identify {unknown}
 q - a scroll of fear {unknown}
Potions
 h - a potion of magic {unknown}
 m - a potion of lignification {unknown}
 o - a potion of attraction {unknown}
 r - a potion of ambrosia {unknown}
 s - a potion of berserk rage {unknown}
 t - a potion of curing {unknown}
Miscellaneous
 e - a piece from Xom's chessboard (13/15)


   Skills:
 + Level 1.5 Fighting
 + Level 1.7 Polearms
 + Level 0.2 Throwing
 + Level 2.9 Armour
 + Level 1.6 Dodging
 + Level 1.2 Stealth
 + Level 0.2 Invocations
 + Level 3.7 Evocations


You had 4 spell levels left.
You didn't know any spells.
Your spell library contained the following spells:

 Spells                   Type           Power      Damage    Failure   Level
 Magic Dart               Conj           0%         1d3       100%        1
 Shock                    Conj/Air       0%         1d3       100%        1
 Ensorcelled Hibernation  Hex/Ice        0%         N/A       100%        2
 Gell's Gravitas          Tloc           0%         N/A       100%        3
 Spider Form              Tmut/Pois      0%         N/A       100%        3
 Teleport Other           Tloc           0%         N/A       100%        3
 Anguish                  Hex/Necr       0%         N/A       100%        4
 Irradiate                Conj/Tmut      0%         3d13      100%        5
 Dispersal                Tloc           0%         N/A       100%        6
 Iron Shot                Conj/Erth      0%         9d1       100%        6
 Orb of Destruction       Conj           0%         9d5       100%        7


Dungeon Overview and Level Annotations

Branches:
Dungeon (3/15)

Altars:
Okawaru

Shops:
D:3 =

Annotations:
D:3 Ijyb


Innate Abilities, Weirdness & Mutations

You have a pair of horns on your head.


Message History

The goblin hits you but does no damage.
Aiming: Throw Flame
Press: ? - help, Q - select action, (/) - cycle Shift-Dir - straight line, f/p - Ijyb
Aim: Ijyb, wielding a +0 dagger, wearing a +0 chain mail and carrying a wand of acid (15) (moderately wounded, 71% to hit)
The puff of flame misses Ijyb.
The goblin barely misses you.
Ijyb zaps a wand.
The bolt of acid hits you! The acid corrodes you!
You closely miss the goblin. The goblin hits you with a +0 club.
You miss the goblin. Your headbutt misses the goblin.
The goblin hits you but does no damage. Ijyb barely misses you.
You hit Ijyb but do no damage. Your headbutt misses Ijyb.
Ijyb is moderately wounded.
Ijyb hits you with a +0 dagger. The goblin hits you with a +0 club.
Aiming: Throw Flame
Press: ? - help, Q - select action, (/) - cycle Shift-Dir - straight line, f/p - Ijyb
Aim: Ijyb, wielding a +0 dagger, wearing a +0 chain mail and carrying a wand of acid (14) (moderately wounded, 71% to hit)
The puff of flame hits Ijyb.
Ijyb is heavily wounded.
The goblin hits you but does no damage. Ijyb hits you with a +0 dagger.
* * * LOW HITPOINT WARNING * * *
You hit the goblin.
The goblin is moderately wounded.
The goblin hits you but does no damage. Ijyb hits you with a +0 dagger.
* * * LOW HITPOINT WARNING * * *
Unknown command.
You hit the goblin but do no damage.
The goblin is moderately wounded.
The goblin hits you but does no damage. Ijyb hits you with a +0 dagger.
* * * LOW HITPOINT WARNING * * *
You make a move on Xom's chessboard...
The goblin twists and deforms.
The goblin hits you with a +0 club.
* * * LOW HITPOINT WARNING * * *
Ijyb barely misses you.
You hit Ijyb but do no damage.
Ijyb is heavily wounded.
The goblin barely misses you. Ijyb hits you but does no damage.
You make a move on Xom's chessboard...
Ijyb seems to grow stronger.
The goblin barely misses you.
Ijyb zaps a wand.
The bolt of acid hits you!!
Ouch! That really hurt!
You die...

#(# #.# #.# #.#
#.# ###### #.#
.....###########g#
####...†.......g@#
############..#
####


You could see Ijyb (strong) and a goblin (misshapen).

Vanquished Creatures
  Natasha (D:3)
  A gnoll (D:2)
  3 adders
  2 worms (D:3)
  3 dart slugs
  An orc (D:3)
  2 ball pythons (D:3)
  9 endoplasms
  A giant cockroach (D:1)
  7 goblins
  6 hobgoblins
  2 jackals (D:1)
  3 quokkas
  5 bats
  4 frilled lizards
  6 kobolds
  6 rats
62 creatures vanquished.

Vanquished Creatures (others)
  A bat (D:2)
1 creature vanquished.

Grand Total: 63 creatures vanquished

Notes
Turn   | Place    | Note
-------+----------+-------------------------------------------
     0 | D:1      | cyrus the Demonspawn Artificer began the quest for the Orb.
     0 | D:1      | Reached XP level 1. HP: 15/15 MP: 1/1
   761 | D:1      | Gained mutation: You have a pair of small horns on your
                  | head. [demonic ancestry]
   761 | D:1      | Reached XP level 2. HP: 18/21 MP: 2/2
   765 | D:1      | Found a faded altar of an unknown god.
   769 | D:1      | Prayed at the altar of an unknown god.
   769 | D:1      | Became a worshipper of Warmaster Okawaru
   769 | D:1      | Reached * piety under Okawaru
   825 | D:1      | Reached skill level 1 in Stealth
  1069 | D:1      | Reached skill level 1 in Dodging
  1765 | D:2      | Reached XP level 3. HP: 24/26 MP: 3/3
  1777 | D:2      | Reached skill level 1 in Polearms
  2930 | D:2      | Upgraded the game from 0.29-a0-90-gc37658a0fe to
                  | 0.29-a0-91-gdebf4667c2
  2950 | D:2      | Reached XP level 4. HP: 32/32 MP: 4/4
  3624 | D:3      | Found Rougoifi's Jewellery Shop.
  3714 | D:3      | Got the Reference Book on Hurtful Air
  3740 | D:3      | Noticed Natasha
  3747 | D:3      | Killed Natasha
  4111 | D:3      | Gained mutation: You have a pair of horns on your head.
                  | [demonic ancestry]
  4111 | D:3      | Reached XP level 5. HP: 28/37 MP: 5/5
  4188 | D:3      | Noticed Ijyb
  4201 | D:3      | Killed from afar by Ijyb

Illustrated notes

Levels and vault maps discovered:
D:1:      dpeg_arrival_simpleton_c, layout_loops_corners,
          shapermc_ecumenical_altar_mp_vishouse, minmay_bisected
D:2:      minmay_inner_zag, layout_rooms, serial_rivers,
          chequers_serial_rivers_small_a, chequers_serial_rivers_marsh,
          chequers_serial_rivers_large_a, chequers_serial_rivers_room_b,
          grunt_decor_fettered
D:3:      layout_loops_ring, serial_shops, nicolae_shop_hallway_stairs,
          uniq_ijyb, uniq_natasha

Skill      XL: |  1  2  3 |
---------------+----------+-----
Stealth        | 1 |  1.2
Dodging        | 1 |  1.6
Polearms       | 1 |  1.7
Armour         | 2 |  2.9
Fighting       | |  1.5
Throwing       | |  0.2
Invocations    | |  0.2
Evocations     | |  3.7

Action                   |  1- 3 |  4- 6 || total
-------------------------+-------+-------++-------
Melee: Spear             |   124 |    78 ||   202
       Club              |    10 |       ||    10
       Headbutt          |    13 |    12 ||    25
       Punch             |     1 |       ||     1
Throw: Dart              |     1 |     7 ||     8
Invok: Heroism           |     1 |       ||     1
Evoke: Piece from Xom's  |     3 |     2 ||     5
       Wand              |     5 |     8 ||    13
 Stab: Sleeping          |     1 |       ||     1
Armor: Leather armour    |    14 |       ||    14
       Chain mail        |    55 |    49 ||   104
Dodge: Dodged            |    69 |    23 ||    92

Table legend: (Time is in decaauts)
 A = Elapsed time spent in this place.
 B = Non-inter-level travel time spent in this place.
 C = Inter-level travel time spent in this place.
 D = Time resting spent in this place.
 E = Time spent auto-exploring this place.
 F = Levels seen in this place.
 G = Mean time per level.
                   A        B        C        D        E       F      G
               +--------+--------+--------+--------+--------+-----+--------+
         Total |   4238 |   4164 |     74 |   1228 |   2145 |   3 | 1412.7 |
       Dungeon |   4238 |   4164 |     74 |   1228 |   2145 |   3 | 1412.7 |
               +--------+--------+--------+--------+--------+-----+--------+

Top non-repeatable levels by time:
     D:1: 1764 daAuts
     D:2: 1665 daAuts
     D:3: 808 daAuts
